 Dungeon Crawl Stone Soup version 0.28.0-53-g5a82cb258f (webtiles) character file.

Game seed: 158357536847362598

613 Plasmagod the Archer (level 7, -1/37 HPs)
             Began as a Spriggan Hunter on July 20, 2022.
             Was an Initiate of Ashenzari.
             Succumbed to Duvessa's poison
             ... on level 5 of the Dungeon.
             The game lasted 00:11:18 (3384 turns).

Plasmagod the Archer (Spriggan Hunter)              Turns: 3384, Time: 00:11:18

Health: -1/37      AC:  3    Str: 10    XL:     7   Next: 20%
Magic:  8/8        EV: 18    Int: 13    God:    Ashenzari [......]
Gold:   124        SH:  0    Dex: 17    Spells: 6/6 levels left

rFire   . . .      SeeInvis +   a - +1 shortbow
rCold   + . .      Faith    .   (shield currently unavailable)
rNeg    + . .      Spirit   .   c - +0 robe of the Fated Affliction {Self, Bglg} (curse)
rPois   .          Reflect  .   (helmet restricted)
rElec   .          Harm     .   n - +0 cloak "Amenyin" {*Slow rC+ rN+ Str+2}
rCorr   .          Rampage  .   (gloves unavailable)
Will    +....                   (boots unavailable)
Stlth   ++........              (no amulet)
HPRegen 0.12/turn               (no ring)
MPRegen 0.11/turn               (no ring)

@: brilliant, lethally poisoned (-1 -> -13), hasted, very quick
A: very small, no large weapons, unfitting armour, see invisible, speed 3
a: Renounce Religion, Curse Item, Shatter the Chains


You were on level 5 of the Dungeon.
You worshipped Ashenzari.
Ashenzari was noncommittal.
You visited 1 branch of the dungeon, and saw 5 of its levels.

You collected 124 gold pieces.

Inventory:

Hand Weapons
 a - a +1 shortbow (weapon)
 b - a +0 short sword
Missiles
 d - 11 arrows (quivered ammo)
Armour
 c - the cursed +0 robe of the Fated Affliction (worn) {Self, Bglg}

   It has a curse which improves the following skills: Introspection: Fighting
   and Spellcasting.
   Beguiling: Conjurations, Hexes and Translocations.
 k - a +0 cloak
 n - the +0 cloak "Amenyin" (worn) {*Slow rC+ rN+ Str+2}
   (You found it on level 3 of the Dungeon)

   Str:       It affects your strength (+2).
   rC:        It protects you from cold.
   rN:        It protects you from negative energy.
   *Slow:     It may slow you when you take damage.
Jewellery
 m - a ring of positive energy
 q - a +6 ring of intelligence
Scrolls
 e - a scroll of teleportation {unknown}
 f - 3 scrolls of identify {unknown}
 h - a scroll of fog {unknown}
 l - 2 scrolls of blinking {unknown}
 o - a scroll of brand weapon {unknown}
 s - a scroll of immolation {unknown}
 t - a scroll of vulnerability {unknown}
 u - a scroll of amnesia {unknown}
Potions
 j - a potion of curing {unknown}
 p - a potion of attraction {unknown}
 r - a potion of mutation {unknown}


   Skills:
 + Level 3.4(3.8) Fighting
 + Level 0.8 Short Blades
 + Level 9.2 Bows
 + Level 3.3 Dodging
 + Level 1.9 Stealth


You had 6 spell levels left.
You didn't know any spells.
Your spell library was empty.

Dungeon Overview and Level Annotations

Branches:
Dungeon (5/15)
 Temple: D:4-7

Altars:
Ashenzari
Wu Jian

Annotations:
D:5 Duvessa


Innate Abilities, Weirdness & Mutations

You are very small and have problems with some larger weapons.
You are too small for most types of armour.
You have supernaturally acute eyesight. (SInv)
You cover ground extremely quickly. (Speed+++)


Message History

Fire: 3 arrows
Press: ? - help, Q - select action, (/) - cycle Shift-Dir - straight line, f - Duvessa
Aim: Duvessa, wielding a +0 rapier of venom and wearing a +0 scale mail (wandering, hasn't noticed you, 72% to hit)
Okay, then.
Duvessa shouts!
You see here an arrow.
d - 4 arrows (gained 1)
You see here an arrow.
d - 5 arrows (gained 1)
d - 7 arrows (gained 2)
You see here an arrow.
d - 8 arrows (gained 1)
You see here an arrow.
d - 9 arrows (gained 1)
You see here an arrow.
d - 10 arrows (gained 1) Duvessa hits you with a +0 rapier of venom!
You are poisoned.
You feel very sick.
You see here an arrow.
d - 11 arrows (gained 1)
You feel very sick.
Duvessa hits you with a +0 rapier of venom!
You are lethally poisoned!
You feel very sick.
* * * LOW HITPOINT WARNING * * *
You feel very sick.
It was a potion of haste.
You feel yourself speed up.
* * * LOW HITPOINT WARNING * * *
You feel very sick.
* * * LOW HITPOINT WARNING * * *
You feel sick.
Found a book of Flames.
* * * LOW HITPOINT WARNING * * *
You feel sick.
It was a potion of brilliance.
You feel clever all of a sudden.
* * * LOW HITPOINT WARNING * * *
You feel sick.
You die...

###..........####.######..#
##(.#....### #.# ##.#
#..####.## #.# #.# #(.#
#..# #.# ..# ((.# ##.##
#.##### ...# .#.. #..#
#...... ... ## #..### #...#
#....##..## #..##e.@...#
#..#####........ ...#
#:....... ...# #...#####
##.. #...# #. #.... #.....
..####.


You could see Duvessa.

Vanquished Creatures
  An ice beast (D:4)
  A phantom (D:4)
  A scorpion (D:5)
  A water moccasin zombie (D:5)
  A howler monkey (D:5)
  4 wights (D:4)
  A bullfrog skeleton (D:4)
  A hound skeleton (D:4)
  A howler monkey skeleton (D:4)
  2 adders
  A white imp (D:5)
  An adder skeleton (D:3)
  A worm (D:2)
  3 dart slugs
  A bat (D:1)
  6 endoplasms
  4 giant cockroaches
  6 goblins
  4 hobgoblins
  2 jackals (D:1)
  7 kobolds
  A quokka (D:4)
  2 ball pythons
  6 frilled lizards
  A jackal skeleton (D:4)
  6 rats
66 creatures vanquished.

Notes
Turn   | Place    | Note
-------+----------+-------------------------------------------
     0 | D:1      | Plasmagod the Spriggan Hunter began the quest for the Orb.
     0 | D:1      | Reached XP level 1. HP: 10/10 MP: 2/2
    54 | D:1      | Reached skill level 5 in Bows
    95 | D:1      | Reached XP level 2. HP: 15/15 MP: 3/3
   635 | D:2      | Found a faded altar of an unknown god.
   670 | D:2      | Reached XP level 3. HP: 18/18 MP: 4/4
   753 | D:2      | Reached skill level 6 in Bows
   821 | D:2      | Found a broken altar of Ashenzari.
   831 | D:2      | Became a worshipper of Ashenzari the Shackled
  1449 | D:3      | Identified the +0 cloak "Amenyin" {*Slow rC+ rN+ Str+2}
  1506 | D:3      | Reached XP level 4. HP: 23/23 MP: 5/5
  1843 | D:3      | Found an ornate altar of the Wu Jian Council.
  1894 | D:4      | Noticed a phantom
  1930 | D:4      | Killed a phantom
  1931 | D:4      | Reached skill level 7 in Bows
  1931 | D:4      | Reached XP level 5. HP: 27/27 MP: 6/6
  2168 | D:4      | Noticed an ice beast
  2198 | D:4      | Killed an ice beast
  2199 | D:4      | Reached skill level 8 in Bows
  2199 | D:4      | Reached XP level 6. HP: 32/32 MP: 7/7
  2873 | D:5      | Entered Level 5 of the Dungeon
  2905 | D:5      | Reached skill level 9 in Bows
  3207 | D:5      | Reached XP level 7. HP: 36/36 MP: 8/8
  3360 | D:5      | Noticed Duvessa
  3383 | D:5      | HP: 1/37 [poisoned by Duvessa]
  3384 | D:5      | Succumbed to Duvessa's poison

Illustrated notes

Levels and vault maps discovered:
D:1:      shiori_arrival_maze, layout_loops_ring
D:2:      layout_rooms, nicolae_ecumenical_pavilion, basic_altar, serial_forest,
          infiniplex_forest_straight_3, infiniplex_forest_zigzag_1,
          infiniplex_forest_lined_room_2, infiniplex_forest_clump_small,
          infiniplex_forest_straight_4, infiniplex_forest_lined_3,
          infiniplex_forest_end_2, minivault_14, nicolae_underground_beach
D:3:      layout_rooms, overflow_temple_1_default
D:4:      layout_rooms, chequers_serial_rivers_room_b, grunt_decor_cap,
          grunt_ministairs_9
D:5:      layout_layer_cave, hangedman_abyss_or_decor_stabs, uniq_duvessa

Skill      XL: |  1  2  3  4  5  6 |
---------------+-------------------+-----
Bows           | 5 6 7 8 9 |  9.2
Fighting       | 2 3 |  3.4
Dodging        | 3 |  3.3
Short Blades   | |  0.8
Stealth        | |  1.9

Action                   |  1- 3 |  4- 6 |  7- 9 || total
-------------------------+-------+-------+-------++-------
Melee: Short sword       |    17 |    32 |       ||    49
       Punch             |       |     1 |       ||     1
 Fire: Shortbow          |    87 |   113 |    21 ||   221
Invok: Curse Item        |       |     1 |       ||     1
  Use: Potion            |       |       |     2 ||     2
Armor: Robe              |     2 |     7 |       ||     9
Dodge: Dodged            |    15 |    27 |     2 ||    44
